 Dungeon Crawl Stone Soup version 0.27-a0-1281-ge233d83751 (webtiles) character file.

Game seed: 14276447940794787050

113 BlueGoblin the Skirmisher (level 4, -1/37 HPs)
             Began as a Palentonga Fighter on June 14, 2021.
             Killed from afar by Sigmund (2 damage)
             ... with a puff of flame
             ... on level 3 of the Dungeon.
             The game lasted 00:07:50 (2429 turns).

BlueGoblin the Skirmisher (Palentonga Fighter)      Turns: 2429, Time: 00:07:51

Health: -1/37      AC:  6    Str: 20    XL:     4   Next: 65%
Magic:  4/4        EV:  5    Int: 15    God:
Gold:   106        SH:  0    Dex:  9    Spells: 3/3 levels left

rFire    . . .     SeeInvis +   a - +0 long sword
rCold    . . .     Faith    .   c - +0 kite shield
rNeg     . . .     Spirit   .   b - +0 scale mail
rPois    .         Reflect  .   (no helmet)
rElec    .         Harm     .   (no cloak)
rCorr    .         Rampage  .   (no gloves)
Will     .....                  (no barding)
Stlth    ..........             (no amulet)
HPRegen  0.12/turn              f - +6 ring of intelligence
MPRegen  0.09/turn              (no ring)

@: confused
A: large, rugged brown scales 3, see invisible, deformed body, roll 1, armoured
tail
a: Rolling Charge


You were on level 3 of the Dungeon.
You visited 1 branch of the dungeon, and saw 3 of its levels.

You collected 106 gold pieces.

Inventory:

Hand Weapons
 a - a +0 long sword (weapon)
Armour
 b - a +0 scale mail (worn)
 c - a +0 kite shield (worn)
Jewellery
 f - a +6 ring of intelligence (left hand)
Wands
 g - a wand of iceblast (2)
Scrolls
 e - a scroll of identify
 h - 3 scrolls of noise {unknown}
 i - a scroll of brand weapon {unknown}
Potions
 d - a potion of might


   Skills:
 + Level 3.3 Fighting
 + Level 3.1 Long Blades
 + Level 3.0 Armour
 + Level 0.2 Dodging
 + Level 0.5 Stealth
 + Level 3.0 Shields


You had 3 spell levels left.
You didn't know any spells.
Your spell library contained the following spells:

 Spells                   Type           Power      Damage    Failure   Level
 Corona                   Hex            0%         N/A       95%         1
 Ensorcelled Hibernation  Hex/Ice        0%         N/A       99%         2
 Confusing Touch          Hex            0%         N/A       100%        3
 Dazzling Flash           Conj/Hex       0%         N/A       100%        3
 Tukima's Dance           Hex            0%         N/A       100%        3


Dungeon Overview and Level Annotations

Branches:
Dungeon (3/15)

Altars:
Hepliaklqana

Shops:
D:3 **?[

Annotations:
D:3 Sigmund


Innate Abilities, Weirdness & Mutations

You are completely covered in rugged brown scales. (AC +3, +7% HP)
You have supernaturally acute eyesight. (SInv)
Armour fits poorly on your strangely shaped body.
You can roll at nearby foes to attack.
You have a long armoured tail.


Message History

h - 3 scrolls labelled RUASEI DEZXEBB (gained 1)
Found a stone staircase leading down.
i - a scroll labelled VIAVYUSKAN You see here a bat corpse.
Found a stone staircase leading up.
Found Birimosm's Armour Shop.
Found an escape hatch in the ceiling.
There is an entrance to Birimosm's Armour Shop here.
Found 21 sling bullets.
You open the door.
Sigmund the Dreaded comes into view.
He is wielding a +2 vorpal scythe and carrying a wand of digging (7).
Sigmund shouts!
Roll where?
Press: ? - help, Q - select action, (/) - cycle Dir - move target, f - Sigmund
Aim: Sigmund, wielding a +2 vorpal scythe, wearing a +0 robe and carrying a wand of digging (7)
You roll forward with a clatter of scales!
You closely miss Sigmund.
Sigmund casts a spell.
Sigmund flickers and vanishes for a moment.
Found a dagger.
You hit Sigmund.
Sigmund is lightly wounded.
Sigmund casts a spell at you.
You are confused.
Sigmund gestures at you while chanting. The magic dart hits you.
Sigmund casts a spell at you. The puff of flame hits you.
You barely miss Sigmund.
Sigmund is lightly wounded.
Sigmund hits you with a +2 vorpal scythe.
Sigmund hits you from afar with a +2 vorpal scythe!
You are too confused!
You are too confused!
Okay, then.
You are too confused!
Sigmund hits you from afar with a +2 vorpal scythe!
* * * LOW HITPOINT WARNING * * *
x2 Sigmund casts a spell at you.
The puff of flame hits you.
You die...

.....
#..........[.......#
###........).......#
#............#...#
######+#####.#...#
#####+#####.##..#
#........##....>#
#).......####.#.#
#........'......#
#..@.....########
#........#
#.....@..#
#........#
########## # # # #


You could see Sigmund (invisible).

Vanquished Creatures
  Ijyb (D:3)
  3 adders
  A worm (D:2)
  A dart slug (D:2)
  5 ball pythons
  5 bats
  4 giant cockroaches
  9 goblins (D:1)
  4 hobgoblins
  5 jackals (D:1)
  A quokka (D:2)
  9 frilled lizards
  A kobold (D:3)
  8 rats
57 creatures vanquished.

Vanquished Creatures (others)
  2 plants (D:3)
2 creatures vanquished.

Grand Total: 59 creatures vanquished

Notes
Turn   | Place    | Note
-------+----------+-------------------------------------------
     0 | D:1      | BlueGoblin the Palentonga Fighter began the quest for the
                  | Orb.
     0 | D:1      | Reached XP level 1. HP: 19/19 MP: 1/1
   104 | D:1      | Reached XP level 2. HP: 24/25 MP: 2/2
   267 | D:1      | Reached XP level 3. HP: 26/31 MP: 3/3
  1234 | D:2      | Found a faded altar of an unknown god.
  1274 | D:2      | Found a hazy altar of Hepliaklqana.
  1845 | D:3      | Found Luyruyll's Assorted Antiques.
  1852 | D:3      | Reached XP level 4. HP: 37/37 MP: 4/4
  2025 | D:3      | Noticed Ijyb
  2036 | D:3      | Killed Ijyb
  2296 | D:3      | Found Wagin's Assorted Antiques.
  2302 | D:3      | Found Ettibu's Magic Scroll Boutique.
  2354 | D:3      | Found Birimosm's Armour Shop.
  2422 | D:3      | Noticed Sigmund
  2428 | D:3      | HP: 1/37 [Sigmund (3)]
  2429 | D:3      | Killed from afar by Sigmund

Illustrated notes

Levels and vault maps discovered:
D:1:      ncdulo_halloftheorcs, layout_rooms, kennysheep_nondescript,
          minmay_3d_cube
D:2:      layout_loops_cross, ebering_ecumenical_altar_rust, basic_altar
D:3:      layout_basic, serial_shops, nicolae_shop_trees, shop_scrolls, shop,
          nicolae_shop_statue_plus, nicolae_shop_overgrown_old_shop,
          minmay_ogre_servants, uniq_sigmund, uniq_ijyb

Skill      XL: |  1  2  3  4 |
---------------+-------------+-----
Shields        | 3 |  3.0
Long Blades    | 3 |  3.1
Armour         | 3 |  3.0
Fighting       | |  3.3
Dodging        | |  0.2
Stealth        | |  0.5

Action                   |  1- 3 |  4- 6 || total
-------------------------+-------+-------++-------
Melee: Long sword        |   122 |    30 ||   152
       Tailslap          |     9 |     4 ||    13
 Abil: Rolling Charge    |    31 |     7 ||    38
  Use: Scroll            |     4 |       ||     4
       Potion            |       |     1 ||     1
Armor: Scale mail        |    62 |     8 ||    70
Dodge: Dodged            |    37 |     3 ||    40
Block: Kite shield       |    64 |    14 ||    78
       Rpst.: Long sword |    14 |     1 ||    15

Table legend: (Time is in decaauts)
 A = Elapsed time spent in this place.
 B = Non-inter-level travel time spent in this place.
 C = Inter-level travel time spent in this place.
 D = Time resting spent in this place.
 E = Time spent auto-exploring this place.
 F = Levels seen in this place.
 G = Mean time per level.
                   A        B        C        D        E       F      G
               +--------+--------+--------+--------+--------+-----+--------+
         Total |   2503 |   2425 |     78 |    545 |   1446 |   3 |  834.3 |
       Dungeon |   2503 |   2425 |     78 |    545 |   1446 |   3 |  834.3 |
               +--------+--------+--------+--------+--------+-----+--------+

Top non-repeatable levels by time:
     D:1: 1079 daAuts
     D:2: 764 daAuts
     D:3: 659 daAuts
